AoeStats
← skelting

Arabia

509863747Analyzed
1v1 RM · 4d ago on Sep 28, 2026· 30m 59s· 2 players
Game mode
Random Map
Map size
Tiny (2 player)
Population
200
Speed
Normal
Resources
Standard
Victory
Conquest
Starting age
Dark Age
Ending age
Imperial Age
RankedLock teamsTeams togetherTeam positionsShared explorationLock speedFull tech treeHidden civsTurbo modeCheats
Victory
Defeat
🇺🇸 Tatars · United States
1164
+16
🇩🇪 Ethiopians · Germany
1161
-16
arkero97
6:17 Loom
9:42 Feudal Age
10:09 Double-Bit Axe
10:41 Horse Collar
20:19 Wheelbarrow
23:43 Castle Age
21:48 Gold Mining
26:50 Padded Archer Armor
27:55 Heavy Plow
28:39 Scale Barding Armor
29:11 Forging
30:01 Chain Barding Armor
skelting
5:32 Loom
8:27 Feudal Age
22:41 Castle Age
20:53 Double-Bit Axe
20:49 Horse Collar
21:15 Gold Mining
22:14 Bloodlines
23:02 Fletching
23:07 Light Cavalry
23:53 Bodkin Arrow
25:27 Padded Archer Armor
28:41 Ballistics
Connection lost

Rejoining the realm…

Still unreachable

The connection could not be restored.

Session expired

The server has moved on; the page needs a fresh start.